 Dungeon Crawl Stone Soup version 0.25-a0-942-g87a53962fc (webtiles) character file.

Game seed: 2799304600388210993, levelgen mode: deterministic

5560 wojag the Blocker (level 10, -10/90 HPs)
             Began as a Minotaur Fighter on May 6, 2020.
             Was a High Priest of Okawaru.
             Killed from afar by a fire dragon (47 damage)
             ... with a blast of flame
             ... on level 9 of the Dungeon.
             The game lasted 00:13:25 (7652 turns).

wojag the Blocker (Minotaur Fighter)                Turns: 7652, Time: 00:13:26

Health: -10/90     AC: 18    Str: 26    XL:     10   Next: 44%
Magic:  13/13      EV:  8    Int:  2    God:    Okawaru [*****.]
Gold:   421        SH: 11    Dex:  9    Spells: 9/9 levels left

rFire    . . .     SeeInvis .   a - +1 war axe
rCold    . . .     Gourm    .   c - +0 kite shield
rNeg     . . .     Faith    .   D - +0 plate armour
rPois    .         Spirit   .   (helmet restricted)
rElec    .         Reflect  .   h - +2 cloak
rCorr    .         Harm     .   (no gloves)
MR       .....                  v - +0 pair of boots
Stlth    ..........             (no amulet)
HPRegen  0.25/turn              k - ring of stealth
MPRegen  0.13/turn              (no ring)

@: very slightly contaminated, lightly drained, invisible
A: retaliatory headbutt, horns 2, dopey 2, sense surroundings 1, strong 1
a: Heroism, Finesse, Renounce Religion


You were on level 9 of the Dungeon.
You worshipped Okawaru.
Okawaru was extremely pleased with you.
You were not hungry.

You visited 2 branches of the dungeon, and saw 10 of its levels.

You collected 421 gold pieces.

Inventory:

Hand Weapons
 a - a +1 war axe (weapon)
Armour
 c - a +0 kite shield (worn)
 h - a +2 cloak (worn)
 v - a +0 pair of boots (worn)
 D - a +0 plate armour (worn)
Jewellery
 k - a ring of stealth (left hand)
 o - an uncursed ring of fire
Wands
 s - a wand of random effects (22)
 y - a wand of flame (1)
Scrolls
 g - 5 scrolls of remove curse
 j - 3 scrolls of teleportation
 n - 2 scrolls of enchant weapon
 p - a scroll of amnesia
 t - 3 scrolls of enchant armour
 z - a scroll of fog
 B - a scroll of blinking
 C - a scroll of fear
Potions
 d - 2 potions of might
 e - 3 potions of brilliance
 i - 2 potions of invisibility
 l - 2 potions of flight
 m - a potion of berserk rage
 q - a potion of cancellation
 r - a potion of curing
 u - 2 potions of magic {unknown}
 w - a potion of ambrosia {unknown}
 x - 7 potions of heal wounds
 A - a potion of lignification {unknown}
Comestibles
 f - 9 rations


   Skills:
 + Level 8.6 Fighting
 + Level 8.1(8.0) Axes
 + Level 8.3 Armour
 + Level 6.5 Dodging
 + Level 8.7 Shields
 + Level 6.3 Invocations


You had 9 spell levels left.
You didn't know any spells.
Your spell library contained the following spells:

 Spells                   Type           Power        Failure   Level  Hunger
 Animate Skeleton         Necr           N/A          100%        1    ##.....
 Magic Dart               Conj           #...         100%        1    ##.....
 Pain                     Necr           #...         100%        1    ##.....
 Summon Small Mammal      Summ           #...         100%        1    ##.....
 Blink                    Tloc           N/A          100%        2    ###....
 Call Imp                 Summ           #.......     100%        2    ###....
 Slow                     Hex            #.......     100%        2    ###....
 Call Canine Familiar     Summ           #.......     100%        3    ####...
 Conjure Flame            Conj/Fire      #.......     100%        3    ####...
 Mephitic Cloud           Conj/Pois/Air  #.......     100%        3    ####...
 Summon Guardian Golem    Hex/Summ       #.......     100%        3    ####...
 Vampiric Draining        Necr           #.........   100%        3    ####...
 Animate Dead             Necr           N/A          100%        4    #####..
 Summon Ice Beast         Ice/Summ       #.......     100%        4    #####..
 Summon Lightning Spire   Summ/Air       #.......     100%        4    #####..
 Agony                    Necr           #.......     100%        5    ######.


Dungeon Overview and Level Annotations

Branches:
Dungeon (9/15)             Temple (1/1) D:4            Lair (0/6) D:9
    Orc: D:9-12

Altars:
Cheibriados
Kikubaaqudgha
Makhleb
Nemelex Xobeh
Okawaru
Ru
Trog
Uskayaw
Vehumet
Zin


Innate Abilities, Weirdness & Mutations

You reflexively headbutt those who attack you in melee.
You have a pair of horns on your head.
You are very dopey. (Int -4)
You passively map a small area around you.
Your muscles are strong. (Str +2)


Message History

The fire dragon closely misses you.
Unknown command.
You completely miss the fire dragon. Your headbutt misses the fire dragon.
The fire dragon is severely wounded.
The fire dragon barely misses you. You furiously retaliate!
You headbutt the fire dragon, but do no damage.
You block the fire dragon's attack. The fire dragon completely misses you.
Unknown command.
You closely miss the fire dragon. You headbutt the fire dragon.
The fire dragon is severely wounded.
The fire dragon bites you but does no damage.
The fire dragon barely misses you.
The fire dragon tramples you but does no damage.
Unknown command.
You closely miss the fire dragon.
The fire dragon is severely wounded.
The fire dragon breathes flames at you. The blast of flame hits you!!!
Ouch! That really hurt!
You die...

, ,..........#
..........# , *,
#######...# #...# ,
#...###########.
#.............$. , ,
#........)......
####.####..........
...(...@......###..,
####...≈D.§§§.# *
#..≈§≈§≈≈§.# * ,, ,
#.§§§§.§§§.# ,
#$.§≈§>.≈..# , * * *
#.§≈≈§§.§§.# * *
,....§§§≈≈.≈.# * * ,
, , ...§...≈≈≈..# ,
* *


You could see a fire dragon.

Vanquished Creatures
  A two-headed ogre (D:8)
  Pikel (D:6)
  A hornet (D:8)
  Grinder (D:4)
  Sigmund (D:6)
  6 humans (D:8)
  2 sky beasts
  2 orc warriors
  2 ice beasts
  2 phantoms
  3 ogres
  2 centaurs
  A big kobold (D:8)
  A bullfrog (D:6)
  A wyvern skeleton (D:6)
  2 scorpions
  10 wights
  3 howler monkeys
  5 crimson imps
  3 bullfrog zombies
  A jelly (D:7)
  5 orc priests
  4 hounds
  4 orc wizards
  A bullfrog skeleton (D:8)
  A centaur skeleton (D:5)
  2 iguanas
  8 worker ants
  3 hound skeletons
  A howler monkey skeleton (D:5)
  An adder (D:2)
  2 shadow imps (D:9)
  2 oozes
  A dart slug (D:2)
  3 worms (D:2)
  5 leopard geckos
  16 orcs
  6 giant cockroaches
  10 goblins
  10 hobgoblins
  5 jackals
  6 quokkas
  2 ball pythons
  8 bats
  9 frilled lizards
  A giant cockroach zombie (D:6)
  8 kobolds
  A leopard gecko skeleton (D:5)
  A quokka zombie (D:6)
  8 rats
185 creatures vanquished.

Vanquished Creatures (others)
  An orc (D:6)
1 creature vanquished.

Grand Total: 186 creatures vanquished

Notes
Turn   | Place    | Note
-------+----------+-------------------------------------------
     0 | D:1      | wojag the Minotaur Fighter began the quest for the Orb.
     0 | D:1      | Reached XP level 1. HP: 19/19 MP: 0/0
   147 | D:1      | Found an iron altar of Okawaru.
   168 | D:1      | Became a worshipper of Warmaster Okawaru
   200 | D:1      | Reached XP level 2. HP: 23/27 MP: 1/1
   484 | D:1      | Reached XP level 3. HP: 33/33 MP: 2/2
   809 | D:2      | Reached skill level 1 in Invocations
  1280 | D:2      | Reached XP level 4. HP: 40/40 MP: 3/3
  1325 | D:2      | Found a hide-covered altar of Uskayaw.
  1806 | D:2      | Found a bloodstained altar of Trog.
  2111 | D:3      | Found a sacrificial altar of Ru.
  2492 | D:4      | Noticed Grinder
  2493 | D:4      | Paralysed by Grinder for 2 turns
  2501 | D:4      | Paralysed by Grinder for 2 turns
  2508 | D:4      | Killed Grinder
  2508 | D:4      | Reached * piety under Okawaru
  2508 | D:4      | Reached skill level 1 in Dodging
  2508 | D:4      | Reached XP level 5. HP: 27/47 MP: 5/5
  2508 | D:4      | Reached XP level 6. HP: 32/55 MP: 6/6
  2734 | D:4      | Reached ** piety under Okawaru
  2734 | D:4      | Reached skill level 5 in Fighting
  2734 | D:4      | Reached skill level 5 in Shields
  2833 | D:4      | Found a glowing silver altar of Zin.
  2896 | D:4      | Reached skill level 5 in Armour
  3008 | D:4      | Found a snail-covered altar of Cheibriados.
  3117 | D:4      | You fall into a shaft and drop 1 floor!
  3117 | D:5      | Entered Level 5 of the Dungeon
  3118 | D:5      | Noticed an ice beast
  3133 | D:5      | Reached XP level 7. HP: 39/61 MP: 8/8
  3369 | D:5      | Gained mutation: You are dopey. (Int -2) [potion of
                  | mutation]
  3369 | D:5      | Gained mutation: You are very dopey. (Int -4) [potion of
                  | mutation]
  3369 | D:5      | Gained mutation: You passively map a small area around you.
                  | [potion of mutation]
  3369 | D:5      | Gained mutation: You are covered in fur. (AC +1) [potion of
                  | mutation]
  3845 | D:4      | Found a staircase to the Ecumenical Temple.
  3852 | Temple   | Entered the Ecumenical Temple
  4175 | D:5      | Reached skill level 5 in Axes
  4582 | D:6      | Noticed Sigmund
  4596 | D:6      | Killed Sigmund
  4596 | D:6      | Reached XP level 8. HP: 65/70 MP: 9/9
  4866 | D:6      | Noticed Pikel
  4871 | D:6      | Killed Pikel
  4871 | D:6      | Reached *** piety under Okawaru
  4889 | D:6      | Lost mutation: You are covered in fur. (AC +1) [potion of
                  | mutation]
  4889 | D:6      | Lost mutation: You are very dopey. (Int -4) [potion of
                  | mutation]
  4889 | D:6      | Gained mutation: You are very dopey. (Int -4) [potion of
                  | mutation]
  4889 | D:6      | Gained mutation: Your muscles are strong. (Str +2) [potion
                  | of mutation]
  4916 | D:6      | Found a radiant altar of Vehumet.
  4917 | D:6      | Found a burning altar of Makhleb.
  4949 | D:6      | Reached XP level 9. HP: 75/78 MP: 11/11
  5003 | D:6      | Reached skill level 5 in Dodging
  5052 | D:6      | Reached skill level 5 in Invocations
  5300 | D:6      | Found a sparkling altar of Nemelex Xobeh.
  5657 | D:7      | Found an ancient bone altar of Kikubaaqudgha.
  5858 | D:7      | Reached **** piety under Okawaru
  6143 | D:8      | Noticed a two-headed ogre
  6153 | D:8      | Killed a two-headed ogre
  6171 | D:8      | Reached XP level 10. HP: 55/88 MP: 13/13
  6636 | D:8      | Reached ***** piety under Okawaru
  7617 | D:9      | Found a staircase to the Lair.
  7618 | D:9      | Noticed a fire dragon
  7652 | D:9      | Killed from afar by a fire dragon

Levels and vault maps discovered:
D:1:      dpeg_arrival_court, layout_basic, okawaru_ov_weapons_minmay
D:2:      layout_basic, nicolae_overflow_crystal_walls, lightli_temple_of_fire,
          minmay_misc_feat_five, minmay_pentomino_w4
D:3:      layout_basic, nicolae_ru_awakened_eye
D:4:      layout_loops_ring, lemuel_doored_altar, cheibriados_altar_1,
          minmay_temple_entry_fiery, first_ration, uniq_grinder
D:5:      layout_layer_cave, hangedman_decor_opposing,
          hangedman_abyss_or_decor_stagger
D:6:      layout_rooms, grunt_temple_overflow_lords_of_destruction,
          nicolae_overflow_hidden_temple, overflow_temple_1_default,
          minmay_misc_feat_columns, dk_vineyard_2, uniq_pikel, uniq_sigmund
D:7:      layout_cave_pools, marbit_many_paths, hangedman_decor_points
D:8:      layout_cave_pods, minmay_ruffians
D:9:      layout_small_grid, lemuel_crystal_altar, lemuel_round_altar,
          overflow_temple_1_default, minmay_lair_entry_lava,
          gammafunk_ghost_grave
Temple:   corrupted_temple

Skill      XL: |  1  2  3  4  5  6  7  8  9 10 |
---------------+-------------------------------+-----
Armour         | 4 5 6 7 8 |  8.3
Fighting       | 4 5 6 8 |  8.6
Shields        | 4 5 6 8 |  8.7
Axes           | 3 4 5 6 7 8 |  8.1
Invocations    | 1 2 3 4 5 6 |  6.3
Dodging        | 1 2 3 4 6 |  6.5

Action                   |  1- 3 |  4- 6 |  7- 9 | 10-12 || total
-------------------------+-------+-------+-------+-------++-------
Melee: War axe           |   104 |   104 |   226 |   141 ||   575
       Headbutt          |    15 |    17 |    48 |    24 ||   104
Invok: Heroism           |       |       |       |     1 ||     1
  Use: Scroll            |     6 |     7 |     8 |       ||    21
       Potion            |       |     1 |     3 |     1 ||     5
 Stab: Invisible         |       |       |       |     2 ||     2
  Eat: Chunk             |     1 |     6 |     7 |     5 ||    19
       Ration            |       |       |     1 |       ||     1
Armor: Scale mail        |    46 |    42 |    76 |       ||   164
       Plate armour      |       |       |    14 |    62 ||    76
Dodge: Dodged            |    40 |    30 |    75 |    54 ||   199
Block: Kite shield       |    41 |    60 |   140 |    86 ||   327

Table legend:
 A = Non-vault XP
 B = Vault XP
 C = Vault XP percentage of total XP
 D = Non-vault monster count
 E = Vault monster count
 F = Vault count percentage of total count
                 A         B        C        D         E       F
            +---------+---------+-------+---------+---------+-------
      Total |    5517 |    2427 |  30.6 |     169 |      16 |   8.6
            +---------+---------+-------+---------+---------+-------
        D:1 |      52 |       0 |   0.0 |      28 |       0 |   0.0
        D:2 |      63 |       7 |  10.0 |      23 |       5 |  17.9
        D:3 |      28 |       0 |   0.0 |      13 |       0 |   0.0
        D:4 |     273 |     281 |  50.7 |      14 |       1 |   6.7
        D:5 |     677 |       0 |   0.0 |      15 |       0 |   0.0
        D:6 |    1275 |     905 |  41.5 |      25 |       3 |  10.7
        D:7 |     454 |      48 |   9.6 |      12 |       1 |   7.7
        D:8 |    2516 |    1186 |  32.0 |      34 |       6 |  15.0
        D:9 |     179 |       0 |   0.0 |       5 |       0 |   0.0
            +---------+---------+-------+---------+---------+-------
